 Dungeon Crawl Stone Soup version 0.17.1-3-g152610e (webtiles) character file.

1200 Goblin1989 the Cruncher (level 8, -3/44 HPs)
             Began as a Gargoyle Gladiator on Feb 25, 2016.
             Was an Initiate of Gozag.
             Slain by an orc warrior
             ... wielding a +0 long sword
              (10 damage)
             ... on level 6 of the Dungeon.
             The game lasted 00:11:19 (4654 turns).

Goblin1989 the Cruncher (Gargoyle Gladiator)        Turns: 4654, Time: 00:11:19

Health: -3/44      AC: 13    Str: 19    XL:     8   Next: 44%
Magic:  8/8        EV: 11    Int:  9    God:    Gozag
Gold:   111        SH:  0    Dex: 12    Spells: 0 memorised, 7 levels left

rFire  . . .     SeeInvis +     s - +4 quarterstaff (chaos)
rCold  . . .     Clarity  .     l - +0 ring mail
rNeg   + . .     SustAt   .     (shield currently unavailable)
rPois  ∞         Gourm    .     c - +0 helmet
rElec  +         Spirit   .     t - +0 cloak
rCorr  .         Warding  .     (no gloves)
rMut   .         Stasis   .     k - +0 pair of boots
MR     .....                    (no amulet)
Stlth  +.........               G - ring of wizardry
                                g - ring of see invisible

@: not resistant to hostile enchantments, very unstealthy
A: negative energy resistance 1, electricity resistance, unbreathing,
petrification resistance, rot immunity, AC +5
a: Potion Petition, Call Merchant, Bribe Branch, Renounce Religion


You were on level 6 of the Dungeon.
You worshipped Gozag.
Gozag was noncommittal.
You were full.

You visited 2 branches of the dungeon, and saw 7 of its levels.
You also visited: Sewer.

You collected 244 gold pieces.
You spent 84 gold pieces at shops.
You paid 49 gold pieces to Gozag.

Inventory:

Hand Weapons
 a - a +0 quarterstaff
 s - a +4 quarterstaff of chaos (weapon)
Missiles
 d - 3 throwing nets (quivered)
 n - 6 needles of slowing
 o - 30 poisoned needles
 v - 12 tomahawks
Armour
 c - a +0 helmet (worn)
 k - a +0 pair of boots (worn)
 l - a +0 ring mail (worn)
 t - a +0 cloak (worn)
Jewellery
 e - an uncursed amulet of guardian spirit {unknown}
 g - a ring of see invisible (left hand)
 G - a ring of wizardry (right hand)
Wands
 x - a wand of teleportation (3)
 A - a wand of cold (9)
Scrolls
 f - a scroll of remove curse {unknown}
 h - 2 scrolls of magic mapping
 m - 6 scrolls of identify
 q - a scroll of noise {unknown}
 r - 3 scrolls of enchant weapon
 u - a scroll of immolation {unknown}
 w - 2 scrolls of blinking {unknown}
 y - 4 scrolls of teleportation {unknown}
 z - 2 scrolls of fear {unknown}
 D - 2 scrolls of enchant armour {unknown}
 H - 3 scrolls of random uselessness {unknown}
Potions
 i - 3 potions of curing
 j - a potion of ambrosia {unknown}
 B - a potion of might {unknown}
 F - a potion of degeneration {unknown}
 I - a potion of resistance {unknown}
Comestibles
 b - a meat ration
 p - 2 slices of pizza
 C - a beef jerky
 E - 4 fruits
 J - a bread ration


   Skills:
 - Level 2.1 Fighting
 * Level 10.2 Staves
 - Level 1.7 Throwing
 - Level 2.4 Dodging


You had 7 spell levels left.
You didn't know any spells.

Dungeon Overview and Level Annotations

Branches:
Dungeon (6/15)             Temple (1/1) D:5

Altars:
Ashenzari
Cheibriados
Dithmenos
Elyvilon
Fedhas
Gozag
Kikubaaqudgha
Makhleb
Okawaru
Qazlal
Ru
Sif Muna
Trog
Vehumet
Xom
Yredelemnul
Zin
The Shining One

Shops:
D:5 *


Innate Abilities, Weirdness & Mutations

You are resistant to torment.
Your stone body is resilient (AC +5).
You are immune to poison.
You resist negative energy.
You are resistant to electric shocks.
You can survive without breathing.
You are immune to petrification.
You are immune to rotting.


Message History

The orc warrior hits you with a long sword.
You closely miss the orc priest. The orc hits you but does no damage.
The orc warrior hits you with a long sword!
You sock the orc priest!
Space bends around the orc priest.
The orc priest is almost dead.
The orc priest barely misses you.
You thump the orc priest!
You kill the orc priest!
The orc is distracted by the nearby gold.
The orc warrior hits you but does no damage.
The orc shouts!
You closely miss the orc warrior.
The orc warrior hits you with a long sword!
* * * LOW HITPOINT WARNING * * *
You closely miss the orc warrior. The orc hits you but does no damage.
You hit the orc warrior but do no damage.
The orc is no longer distracted by gold.
The orc warrior hits you with a long sword!
You die...
Your body crumbles into a pile of gold.

#####.######.#.#...
...........#.#.#..#
#
.......##.#.#.#..#.#
#..........#....#
#..<##.#(###oo..#
##.###.......o...
##o....(...##...##
#ooo####(..# ...#
#@o## #..........
#..# #.#.#..#...
#<.# ..........#
#..# ##.#.# ## ##
#..# #.... #..# #..#
#... ..<.


You could see an orc warrior, an orc wizard and 3 orcs.

Vanquished Creatures
  Purgy (Sewer)
  A water moccasin (D:5)
  A phantom (D:5)
  2 centaurs (D:5)
  A giant frog (D:4)
  A scorpion (D:4)
  3 orc priests
  A jelly (D:5)
  Crazy Yiuf (D:2)
  An orc wizard (D:4)
  A giant frog skeleton (D:4)
  2 iguanas
  5 worker ants
  3 gnolls (D:2)
  15 adders
  A shadow imp (D:5)
  3 oozes (D:1)
  An adder skeleton (D:4)
  3 worms
  7 giant geckos
  14 orcs
  2 giant cockroaches
  3 goblins
  15 hobgoblins
  2 ball pythons (Sewer)
  6 bats
  10 giant newts
  10 jackals
  2 kobolds
  A quokka zombie (D:5)
  10 rats
129 creatures vanquished.

Notes
Turn   | Place    | Note
--------------------------------------------------------------
     0 | D:1      | Goblin1989 the Gargoyle Gladiator began the quest for the Orb.
     0 | D:1      | Reached XP level 1. HP: 12/12 MP: 1/1
   287 | D:1      | Reached XP level 2. HP: 17/17 MP: 2/2
   396 | D:1      | Reached skill level 4 in Staves
   443 | D:1      | Reached XP level 3. HP: 16/21 MP: 3/3
   901 | D:2      | Reached XP level 4. HP: 19/26 MP: 4/4
   904 | D:2      | Reached skill level 5 in Staves
  1284 | D:2      | Reached XP level 5. HP: 19/30 MP: 5/5
  1639 | D:2      | Noticed Crazy Yiuf
  1651 | D:2      | Killed Crazy Yiuf
  1972 | D:3      | Reached skill level 6 in Staves
  2075 | D:3      | Found a faded altar to an unknown god.
  2240 | D:3      | Reached XP level 6. HP: 35/35 MP: 6/6
  2583 | D:4      | Found a glowing drain.
  2584 | D:4      | Reached skill level 7 in Staves
  2595 | Sewer    | Entered a sewer
  2625 | Sewer    | Noticed Purgy
  2630 | Sewer    | Killed Purgy
  2903 | D:4      | Reached XP level 7. HP: 17/40 MP: 7/7
  3236 | D:4      | Reached skill level 8 in Staves
  3697 | D:5      | Entered Level 5 of the Dungeon
  3733 | D:5      | Reached skill level 9 in Staves
  3809 | D:5      | Found a staircase to the Ecumenical Temple.
  3820 | Temple   | Entered the Ecumenical Temple
  3856 | Temple   | Became a worshipper of Gozag Ym Sagoz the Greedy
  3923 | D:5      | Found Nuuptunk's Assorted Antiques.
  3934 | D:5      | Reached XP level 8. HP: 40/44 MP: 8/8
  3954 | D:5      | Bought an embroidered hat for 84 gold pieces
  4177 | D:5      | Noticed a fire elemental
  4178 | D:5      | Found a stormy altar of Qazlal.
  4181 | D:5      | Noticed a water elemental
  4187 | D:5      | Noticed an air elemental
  4242 | D:5      | Reached skill level 10 in Staves
  4297 | D:5      | Found a snail-covered altar of Cheibriados.
  4654 | D:6      | Slain by an orc warrior

Action                   |  1- 3 |  4- 6 |  7- 9 || total
-------------------------+-------+-------+-------++-------
Melee: Quarterstaff      |   119 |   232 |    97 ||   448
  Use: Scroll            |       |     3 |       ||     3
 Stab: Petrifying        |       |     1 |     1 ||     2
       Confused          |       |     1 |       ||     1
       Paralysed         |       |     1 |       ||     1
       Distracted        |       |       |     1 ||     1
  Eat: Chunk             |       |     7 |       ||     7
       Fruit             |       |       |     3 ||     3
       Bread ration      |       |       |     2 ||     2
